 Dungeon Crawl Stone Soup version 0.29.1-13-g9f3cf754e1 (webtiles) character file.

Game seed: 1260885131052277039

58 FaviusArthum the Conjurer (level 3, -2/19 HPs)
             Began as a Deep Elf Conjurer on Jan 21, 2023.
             Was an Initiate of Sif Muna.
             Slain by Terence
             ... wielding a +0 short sword
              (6 damage)
             ... on level 3 of the Dungeon.
             The game lasted 00:08:59 (3390 turns).

FaviusArthum the Conjurer (Deep Elf Conjurer)       Turns: 3390, Time: 00:09:00

Health: -2/19      AC:  3    Str:  4    XL:     3   Next: 76%
Magic:  1/9        EV: 12    Int: 24    God:    Sif Muna [......]
Gold:   176        SH:  3    Dex: 13    Spells: 2/8 levels left

rFire   . . .      SeeInvis .   l - +0 dagger
rCold   . . .      Faith    .   i - +0 buckler
rNeg    . . .      Spirit   .   a - +0 robe
rPois   .          Reflect  .   p - +0 helmet
rElec   .          Harm     .   (no cloak)
rCorr   +          Rampage  .   (no gloves)
Will    .....                   (no boots)
Stlth   ++........              (no amulet)
HPRegen 0.06/turn               c - ring of resist corrosion
MPRegen 0.11/turn               (no ring)

@: no status effects
A: no striking features
a: Renounce Religion


You were on level 3 of the Dungeon.
You worshipped Sif Muna.
Sif Muna was noncommittal.
You visited 1 branch of the dungeon, and saw 3 of its levels.

You collected 176 gold pieces.

Inventory:

Hand Weapons
 g - a +0 short sword
 l - a +0 dagger (weapon)
 n - a +0 rapier
 v - a +0 quarterstaff
 w - a +0 trident
Missiles
 f - 5 poisoned darts
 q - 4 boomerangs
Armour
 a - a +0 robe (worn)
 i - a +0 buckler (worn)
 p - a +0 helmet (worn)
Jewellery
 c - a ring of resist corrosion (left hand)
Scrolls
 d - a scroll of identify
 o - a scroll of blinking
 t - a scroll of vulnerability {unknown}
 u - a scroll of fear {unknown}
Potions
 b - a potion of magic
 e - 2 potions of flight {unknown}
 h - a potion of ambrosia {unknown}
 j - a potion of degeneration {unknown}
 k - 3 potions of curing {unknown}
 m - 2 potions of attraction {unknown}
 r - a potion of haste {unknown}
 s - a potion of mutation {unknown}
 x - a potion of berserk rage {unknown}


   Skills:
 + Level 2.7 Dodging
 + Level 2.8 Stealth
 + Level 3.2 Spellcasting
 + Level 5.4 Conjurations
 * Level 1.1 Hexes


You had 2 spell levels left.
You knew the following spells:

 Your Spells              Type           Power      Damage    Failure   Level
a - Magic Dart            Conj           100%       1d8       1%          1
b - Searing Ray           Conj           60%        2d6       2%          2
c - Tukima's Dance        Hex            9%         N/A       26%         3

Your spell library contained the following spells:

 Spells                   Type           Power      Damage    Failure   Level
 Blink                    Tloc           6%         N/A       22%         2
 Dazzling Flash           Conj/Hex       38%        N/A       11%         3
 Portal Projectile        Hex/Tloc       12%        N/A       34%         3
 Fulminant Prism          Conj/Hex       9%         3d7       36%         4
 Iskenderun's Mystic Bla  Conj/Tloc      17%        2d5       43%         4
 Blade Hands              Tmut           1%         N/A       99%         5
 Manifold Assault         Tloc           3%         N/A       99%         5
 Storm Form               Tmut/Air       1%         N/A       100%        7


Dungeon Overview and Level Annotations

Branches:
Dungeon (3/15)

Altars:
Makhleb
Nemelex Xobeh
Sif Muna

Annotations:
D:3 Natasha, Terence


Message History

Press: ? - help, Shift-Dir - straight line, f/p - Terence
Aim: Terence, wielding a +0 short sword and wearing a +2 scale mail of fire resistance (100% to hit)
The magic dart hits Terence but does no damage.
Terence hits you with a +0 short sword.
You hit Terence but do no damage. Terence hits you with a +0 short sword.
Casting: Magic Dart (safe; 1% risk of failure)
Confirm with . or Enter, or press ? or * to list all spells.
Aiming: Searing Ray (safe; 2% risk of failure)
Press: ? - help, Shift-Dir - straight line, f/p - Terence
Aim: Terence, wielding a +0 short sword and wearing a +2 scale mail of fire resistance (82% to hit)
The searing ray hits Terence but does no damage. (Press . to maintain the ray.) Terence hits you but does no damage.
Casting: Searing Ray (safe; 2% risk of failure)
Confirm with . or Enter, or press ? or * to list all spells.
Restarting spell: Searing Ray (safe; 2% risk of failure)
Press: ? - help, Shift-Dir - straight line, f/p - Terence
Aim: Terence, wielding a +0 short sword and wearing a +2 scale mail of fire resistance (82% to hit)
The searing ray hits Terence.
Terence is lightly wounded. (Press . to maintain the ray.) Terence closely misses you.
Casting: Searing Ray (safe; 2% risk of failure)
Confirm with . or Enter, or press ? or * to list all spells.
Restarting spell: Searing Ray (safe; 2% risk of failure)
Press: ? - help, Shift-Dir - straight line, f/p - Terence
Aim: Terence, wielding a +0 short sword and wearing a +2 scale mail of fire resistance (lightly wounded, 82% to hit)
The searing ray hits Terence.
Terence is moderately wounded. (Press . to maintain the ray.) Terence hits you with a +0 short sword.
* * * LOW HITPOINT WARNING * * *
Found a scroll labelled OTOCWA GUIKHI.
Your magical contamination has completely faded away.
As you read the scroll labelled ITAOLAREMAB, it crumbles to dust.
It is a scroll of identify.
o - a scroll of blinking Terence says, "Did you write a will?
You should..."
Terence hits you with a +0 short sword.
You die...

..........[.... .......# ?.....
...#........@... .......#
......###...............
.......###................###....
.................................
#.......#...................#...
#...........................#...
##.................###.......#...
#..>............@................
#..###.###.....@.............#...
#.............<..............#...
#............................#...
..[..........................###.
..............##.............###.
...........#####.................
.........#######.........#.......
.........................####....


You could see Terence.

Vanquished Creatures
  A dart slug (D:2)
  3 endoplasms
  2 giant cockroaches (D:3)
  11 goblins
  5 hobgoblins
  4 jackals (D:1)
  3 quokkas
  8 ball pythons
  A bat (D:1)
  3 frilled lizards
  5 kobolds
  3 rats
49 creatures vanquished.

Notes
Turn   | Place    | Note
-------+----------+-------------------------------------------
     0 | D:1      | FaviusArthum the Deep Elf Conjurer began the quest for the
                  | Orb.
     0 | D:1      | Reached XP level 1. HP: 10/10 MP: 6/6
   592 | D:1      | Reached XP level 2. HP: 15/15 MP: 6/8
   595 | D:1      | Learned a level 2 spell: Searing Ray
   666 | D:1      | Reached skill level 5 in Conjurations
  1302 | D:2      | Found a faded altar of an unknown god.
  1620 | D:2      | Reached XP level 3. HP: 19/19 MP: 7/9
  1777 | D:2      | Learned a level 3 spell: Tukima's Dance
  2664 | D:2      | Reached skill level 1 in Hexes
  3040 | D:3      | Found a shimmering blue altar of Sif Muna.
  3041 | D:3      | Found a burning altar of Makhleb.
  3042 | D:3      | Found a sparkling altar of Nemelex Xobeh.
  3051 | D:3      | Became a worshipper of Sif Muna the Loreminder
  3166 | D:3      | Noticed Natasha
  3197 | D:3      | Noticed Terence
  3390 | D:3      | Slain by Terence

Illustrated notes

Levels and vault maps discovered:
D:1:      dpeg_arrival_stone_temple_mockup, layout_rooms
D:2:      cheibrodos_greedy_goblins, layout_basic, serial_rivers,
          chequers_serial_rivers_small_3, chequers_serial_rivers_room_a,
          chequers_serial_rivers_small_3, chequers_serial_rivers_micro_a,
          basic_ecumenical_altar
D:3:      layout_basic, mainiacjoe_overflow_paths,
          chequers_temple_overflow_statue_of_worship, uniq_terence,
          uniq_natasha, uniq_crazy_yiuf_cottage

Skill      XL: |  1  2  3 |
---------------+----------+-----
Conjurations   | 5 |  5.4
Hexes          | 1 |  1.1
Dodging        | |  2.7
Stealth        | |  2.8
Spellcasting   | |  3.2

Action                   || total
-------------------------++-------
Melee: Short sword       ||     2
       Dagger            ||    18
 Cast: Magic Dart        ||    63
       Searing Ray       ||    17
  Use: Scroll            ||     2
Armor: Robe              ||     9
Dodge: Dodged            ||    19
Block: Buckler           ||     6
